 Dungeon Crawl Stone Soup version 0.28-a0-769-g550dbda0cd (webtiles) character file.

Game seed: 412905077155507669

33 jasper the Charlatan (level 3, -4/27 HPs)
             Began as a Demonspawn Artificer on Oct 31, 2021.
             Frozen to death by an endoplasm (5 damage)
             ... on level 2 of the Dungeon.
             The game lasted 00:01:25 (1530 turns).

jasper the Charlatan (Demonspawn Artificer)         Turns: 1530, Time: 00:01:25

Health: -4/27      AC:  3    Str: 12    XL:     3   Next: 12%
Magic:  3/3        EV: 12    Int: 12    God:
Gold:   37         SH:  0    Dex: 14    Spells: 2/2 levels left

rFire   . . .      SeeInvis .   a - +0 club
rCold   . . .      Faith    .   (no shield)
rNeg    + . .      Spirit   .   b - +0 leather armour
rPois   +          Reflect  .   (no helmet)
rElec   .          Harm     .   (no cloak)
rCorr   .          Rampage  .   (no gloves)
Will    .....                   (no boots)
Stlth   +.........              (no amulet)
HPRegen 0.09/turn               g - ring of positive energy
MPRegen 0.08/turn               k - ring of poison resistance

@: no status effects
A: powered by death 2
a: no special abilities


You were on level 2 of the Dungeon.
You visited 1 branch of the dungeon, and saw 2 of its levels.

You collected 37 gold pieces.

Inventory:

Hand Weapons
 a - a +0 club (weapon)
Armour
 b - a +0 leather armour (worn)
Jewellery
 g - a ring of positive energy (left hand)
 k - a ring of poison resistance (right hand)
 l - a ring of protection from cold
Wands
 d - a wand of charming (13)
Scrolls
 f - 3 scrolls of identify {unknown}
 h - a scroll of blinking {unknown}
 i - a scroll of fear {unknown}
Potions
 c - a potion of curing {unknown}
 j - a potion of lignification {unknown}
Miscellaneous
 e - a piece from Xom's chessboard (15/15)


   Skills:
 + Level 2.2 Fighting
 - Level 1.8 Armour
 + Level 2.0 Dodging
 - Level 0.8 Stealth
 - Level 3.0 Evocations


You had 2 spell levels left.
You didn't know any spells.
Your spell library contained the following spells:

 Spells                   Type           Power      Damage    Failure   Level
 Animate Skeleton         Necr           0%         N/A       38%         1
 Apportation              Tloc           0%         N/A       38%         1
 Summon Small Mammal      Summ           0%         N/A       38%         1
 Animate Dead             Necr           0%         N/A       99%         4
 Haunt                    Necr/Summ      0%         N/A       100%        7
 Infestation              Necr           0%         N/A       100%        8


Dungeon Overview and Level Annotations

Branches:
Dungeon (2/15)

Altars:


Innate Abilities, Weirdness & Mutations

You regenerate health from kills.


Message History

The endoplasm freezes you.
You are frozen.
The endoplasm freezes you.
You are frozen.
You take 8 damage, and have 14/27 hp.
MASSIVE DAMAGE!!
You hit the endoplasm but do no damage.
The endoplasm is moderately wounded.
The endoplasm hits you but does no damage.
You hit the endoplasm.
The endoplasm is severely wounded.
The endoplasm closely misses you.
You hit the endoplasm but do no damage.
The endoplasm is severely wounded.
The endoplasm freezes you.
You are frozen.
The endoplasm freezes you.
You are frozen.
* * * LOW HITPOINT WARNING * * *
You take 7 damage, and have 7/27 hp.
MASSIVE DAMAGE!!
You hit the endoplasm but do no damage.
The endoplasm is severely wounded.
The endoplasm freezes you.
You are frozen.
* * * LOW HITPOINT WARNING * * *
You take 5 damage, and have 2/27 hp.
There is an open door here.
Aiming: Charm
Press: ? - help, Shift-Dir - straight line, f - endoplasm
Aim: an endoplasm (severely wounded, chance to affect: 71%)
The endoplasm struggles to resist.
The endoplasm hits you.
* * * LOW HITPOINT WARNING * * *
You take 1 damage, and have 1/27 hp.
The endoplasm jiggles.
Aiming: Charm
Press: ? - help, Shift-Dir - straight line, f/p - endoplasm
Aim: an endoplasm (severely wounded, chance to affect: 71%)
The endoplasm struggles to resist.
The endoplasm freezes you.
You are frozen.
You die...

##. .[ ####.# <...##
##...## # ##.....##
.# ##.......## ..#
#.........####...###
+........@JJ.:......
#....<....####...###
##.......## ....#
##.....## ##.#
##...## # ##+##


You could see 2 endoplasms.

Vanquished Creatures
  4 dart slugs (D:1)
  A bat (D:1)
  4 endoplasms (D:1)
  A goblin (D:1)
  4 hobgoblins (D:1)
  A quokka (D:1)
  3 ball pythons (D:1)
  2 frilled lizards (D:1)
  A kobold (D:1)
  3 rats (D:1)
24 creatures vanquished.

Vanquished Creatures (others)
  A fungus (D:1)
  3 plants (D:1)
4 creatures vanquished.

Grand Total: 28 creatures vanquished

Notes
Turn   | Place    | Note
-------+----------+-------------------------------------------
     0 | D:1      | jasper the Demonspawn Artificer began the quest for the
                  | Orb.
     0 | D:1      | Reached XP level 1. HP: 15/15 MP: 1/1
    16 | D:1      | Reached skill level 1 in Dodging
   160 | D:1      | Gained mutation: You regenerate a little health from kills.
                  | [demonic ancestry]
   160 | D:1      | Reached XP level 2. HP: 21/21 MP: 2/2
   855 | D:1      | Gained mutation: You regenerate health from kills. [demonic
                  | ancestry]
   855 | D:1      | Reached XP level 3. HP: 16/27 MP: 3/3
  1170 | D:1      | Found a faded altar of an unknown god.
  1528 | D:2      | HP: 1/27 [endoplasm (1)]
  1530 | D:2      | Frozen to death by an endoplasm

Illustrated notes

Levels and vault maps discovered:
D:1:      saegor_arrival_simple_b, layout_loops_ring,
          shapermc_ecumenical_altar_ellora
D:2:      layout_loops_corners

Skill      XL: |  1  2 |
---------------+-------+-----
Dodging        | 1 2 |  2.0
Fighting       | 2 |  2.2
Armour         | |  1.8
Stealth        | |  0.8
Evocations     | |  3.0

Action                   || total
-------------------------++-------
Melee: Club              ||    84
Evoke: Wand              ||    17
 Stab: Distracted        ||     1
Armor: Leather armour    ||    19
Dodge: Dodged            ||    48

Table legend: (Time is in decaauts)
 A = Elapsed time spent in this place.
 B = Non-inter-level travel time spent in this place.
 C = Inter-level travel time spent in this place.
 D = Time resting spent in this place.
 E = Time spent auto-exploring this place.
 F = Levels seen in this place.
 G = Mean time per level.
                   A        B        C        D        E       F      G
               +--------+--------+--------+--------+--------+-----+--------+
         Total |   1554 |   1522 |     32 |    422 |    867 |   2 |  777.0 |
       Dungeon |   1554 |   1522 |     32 |    422 |    867 |   2 |  777.0 |
               +--------+--------+--------+--------+--------+-----+--------+

Top non-repeatable levels by time:
     D:1: 1524 daAuts
     D:2: 29 daAuts
